 Dungeon Crawl Stone Soup version 0.32-a0-520-g344ed53f66 (webtiles) character file.

Game seed: 4635435053523161705

136 sleeves the Ducker (level 4, -1/36 HPs)
             Began as a Minotaur Shapeshifter on Feb 28, 2024.
             Slain by Sigmund
             ... wielding a +0 scythe
              (9 damage)
             ... on level 2 of the Dungeon.
             The game lasted 00:02:08 (1547 turns).

sleeves the Ducker (Minotaur Shapeshifter)          Turns: 1547, Time: 00:02:08

Health: -1/36      AC:  5    Str: 18    XL:     4   Next: 98%
Magic:  3/3        EV: 12    Int:  7    God:
Gold:   65         SH:  0    Dex: 12    Spells: 3/3 levels left

rFire   . . .        a - +0 whip
rCold   . . .        (no shield)
rNeg    . . .        e - +0 ring mail
rPois   .            (helmet currently unavailable)
rElec   .            (cloak currently unavailable)
rCorr   .            (gloves currently unavailable)
SInv    .            (boots currently unavailable)
Will    .....        (no amulet) Stlth
                     (no ring)
HPRegen 0.26/turn    (no ring)
MPRegen 0.08/turn

%: no passive effects
@: confused, beast-form
A: beast (slay +1), horns 2, retaliatory headbutt
a: Begin Untransformation


You were on level 2 of the Dungeon.
You were a hulking beast.
You visited 1 branch of the dungeon, and saw 2 of its levels.

You collected 65 gold pieces.

Inventory:

Hand Weapons
 a - a +0 whip (weapon)
   (You found it on level 1 of the Dungeon)
Armour
 e - a +0 ring mail (worn)
   (You found it on level 1 of the Dungeon)
Jewellery
 i - a ring of wizardry
   (You found it on level 1 of the Dungeon)
Talismans
 c - a beast talisman (active)
 d - a flux talisman
Scrolls
 f - a scroll of fear {unknown}
 g - a scroll of fog {unknown}
 j - 2 scrolls of identify {unknown}
 l - a scroll of enchant weapon {unknown}
 n - a scroll of vulnerability {unknown}
 o - a scroll of revelation {unknown}
Potions
 h - a potion of heal wounds {unknown}
 m - a potion of might {unknown}


   Skills:
 - Level 2.0 Fighting
 + Level 2.6 Maces & Flails
 + Level 3.1 Armour
 + Level 3.6 Dodging
 - Level 3.2 Unarmed Combat
 - Level 2.4 Shapeshifting


You had 3 spell levels left.
You didn't know any spells.
Your spell library was empty.

Dungeon Overview and Level Annotations

Branches:
Dungeon (2/15)

Altars:

Annotations:
D:2 Sigmund


Innate Abilities, Weirdness & Mutations

You are a hulking beast.
Your limbs bulge with bestial killing power. (Slay +1)
You have a pair of horns on your head.
You reflexively headbutt those who attack you in melee.


Message History

Welcome, sleeves the Minotaur Shapeshifter.
It is said that the Orb of Zot exists deep within this dungeon.
Press ? for a list of commands and other information.
Found a staircase leading out of the dungeon.
As you open the door, it creaks loudly!
There is an open door here.
Found a ring mail.
You see here a +0 ring mail.
Found a stone staircase leading down.
You see here a +0 ring mail.
e - a +0 ring mail You start removing your armour.
You continue removing your +0 animal skin. x4
You finish removing your +0 animal skin.
You start putting on your armour.
You continue putting on your +0 ring mail. x5
You finish putting on your +0 ring mail.
You drop a +0 animal skin.
Found a whip.
A giant cockroach comes into view.
A giant cockroach is nearby!
The giant cockroach completely misses you.
You closely miss the giant cockroach. You headbutt the giant cockroach.
You kill the giant cockroach!
No target in view!
No target in view!
No target in view!
No target in view!
No target in view!
No target in view!
No target in view!
No target in view!
No target in view!
A hobgoblin comes into view.
The hobgoblin shouts!
The hobgoblin moves out of view.
A hobgoblin is nearby!
A hobgoblin is nearby!
Found a dagger.
You closely miss the hobgoblin.
The hobgoblin hits you but does no damage.
You punch the hobgoblin!
You kill the hobgoblin!
A bat comes into view.
The bat misses you. The bat barely misses you.
You closely miss the bat. You headbutt the bat.
You kill the bat!
No target in view!
No target in view!
No target in view!
No target in view!
No target in view!
Search for what [? for help]? mace A goblin comes into view.
It is wielding a +0 dagger.
The goblin shouts!
There are no items here.
You closely miss the goblin. The goblin completely misses you.
You hit the goblin.
The goblin is moderately wounded.
The goblin hits you but does no damage.
You completely miss the goblin. You punch the goblin.
You kill the goblin!
No target in view!
No target in view!
No target in view!
No target in view!
No target in view!
Search for what [Enter for "mace", or ? for help]?
A quokka comes into view.
There are no items here.
Found 32 gold pieces.
You hit the quokka. You headbutt the quokka.
You kill the quokka!
No target in view!
No target in view!
No target in view!
No target in view!
No target in view!
No target in view!
You see here a +0 whip.
a - a +0 whip
a - a +0 whip (weapon)
Found a stone staircase leading down.
You now have 15 gold pieces.
You now have 32 gold pieces (gained 17).
A giant cockroach comes into view.
The giant cockroach moves out of view.
A giant cockroach is nearby!
A giant cockroach is nearby!
The giant cockroach barely misses you. x2
You hit the giant cockroach.
The giant cockroach is moderately wounded.
The giant cockroach closely misses you.
You hit the giant cockroach.
You kill the giant cockroach!
Your Armour skill increases to level 1!
No target in view!
No target in view!
No target in view!
No target in view!
No target in view!
No target in view!
No target in view!
No target in view!
No target in view!
You see here a giant cockroach corpse.
Found a stone staircase leading down.
Found a robe.
A kobold comes into view. It is wielding a +0 club.
The kobold shouts!
The kobold moves out of view.
No target in view!
No target in view!
No target in view!
No target in view!
No target in view!
No target in view!
No target in view!
No target in view!
A kobold is nearby!
A kobold is nearby!
You hit the kobold.
You kill the kobold!
You have reached level 2!
f - a scroll labelled XEPA CEPLIC A bat comes into view.
Found a hand axe.
The bat hits you but does no damage.
A bat is nearby!
The bat closely misses you. The bat closely misses you.
You closely miss the bat. The bat hits you but does no damage.
The bat barely misses you.
You barely miss the bat. The bat hits you but does no damage.
The bat barely misses you. You furiously retaliate!
You headbutt the bat.
You kill the bat!
No target in view!
No target in view!
No target in view!
There is an open door here.
A goblin comes into view. It is wielding a +0 dagger.
The goblin shouts!
A goblin is nearby!
A goblin is nearby!
You hit the goblin.
The goblin is moderately wounded.
The goblin closely misses you.
You completely miss the goblin.
The goblin is moderately wounded.
The goblin hits you but does no damage.
You closely miss the goblin.
The goblin is moderately wounded.
The goblin hits you but does no damage.
You whack the goblin!
You kill the goblin!
No target in view!
No target in view!
No target in view!
No target in view!
Things that are here:
a +0 dagger; a goblin corpse A frilled lizard comes into view.
A frilled lizard is nearby!
A frilled lizard is nearby!
A frilled lizard is nearby!
You hit the frilled lizard.
Your headbutt misses the frilled lizard.
The frilled lizard is heavily wounded.
The frilled lizard barely misses you. x2
You hit the frilled lizard.
You kill the frilled lizard!
No target in view!
No target in view!
No target in view!
No target in view!
No target in view!
No target in view!
g - a scroll labelled TIERIQ ROYSUT A kobold comes into view.
It is wielding a +0 dagger.
The kobold shouts!
The kobold throws a stone.
The stone hits you but does no damage.
A kobold is nearby!
The kobold throws a stone.
The stone hits you. The kobold barely misses you. You furiously retaliate!
You headbutt the kobold. You closely miss the kobold. You headbutt the kobold.
You kill the kobold!
No target in view!
No target in view!
No target in view!
No target in view!
No target in view!
No target in view!
No target in view!
HP restored.
Things that are here:
a +0 dagger; 3 stones; a kobold corpse
Found a dagger.
You see here a +0 dagger.
h - a sedimented pink potion A gnoll comes into view.
It is wielding a +0 whip.
The gnoll shouts!
You hit the gnoll.
The gnoll is moderately wounded.
The gnoll hits you with a +0 whip.
You hit the gnoll.
The gnoll is heavily wounded.
The gnoll hits you with a +0 whip.
You whack the gnoll!
You kill the gnoll!
Training target 2.0 for Fighting reached!
Your Fighting skill increases to level 2!
No target in view!
No target in view!
No target in view!
No target in view!
No target in view!
No target in view!
No target in view!
No target in view!
No target in view!
You see here a +0 whip.
i - a ring of wizardry You see here a +0 whip.
j - a scroll labelled WIFENN VAUMMAG You open the door.
There is an open door here.
You now have 39 gold pieces (gained 7).
As you open the door, it creaks loudly!
No target in view!
No target in view!
No target in view!
No target in view!
No target in view!
No target in view!
No target in view!
There is an open door here.
You open the door.
An endoplasm comes into view.
The endoplasm quivers.
An endoplasm is nearby!
An endoplasm is nearby!
An endoplasm is nearby!
The endoplasm barely misses you.
You hit the endoplasm. Your headbutt misses the endoplasm.
The endoplasm is moderately wounded.
The endoplasm closely misses you.
You hit the endoplasm.
You kill the endoplasm!
No target in view!
No target in view!
No target in view!
No target in view!
No target in view!
You see here a +0 dagger.
A giant cockroach comes into view.
A giant cockroach is nearby!
You hit the giant cockroach but do no damage.
The giant cockroach bites you but does no damage.
You closely miss the giant cockroach.
The giant cockroach bites you but does no damage.
You barely miss the giant cockroach.
Your headbutt misses the giant cockroach.
The giant cockroach barely misses you. x2
You hit the giant cockroach but do no damage.
The giant cockroach bites you.
You hit the giant cockroach.
You kill the giant cockroach!
No target in view!
No target in view!
You see here a giant cockroach corpse.
You open the door.
There is an open door here.
k - a brown potion You open the door.
An endoplasm comes into view.
The endoplasm quivers.
An endoplasm is nearby!
You hit the endoplasm. You headbutt the endoplasm.
The endoplasm is severely wounded.
The endoplasm freezes you.
You are frozen.
You hit the endoplasm.
You kill the endoplasm!
No target in view!
No target in view!
Found a ring mail.
No target in view!
No target in view!
No target in view!
No target in view!
No target in view!
No target in view!
A goblin comes into view. It is wielding a +0 club.
Found a scroll labelled ERAOLU UKUMOUG.
You see here 3 gold pieces.
The goblin hits you but does no damage.
You whack the goblin!
You kill the goblin!
You have reached level 3!
Your experience leads to an increase in your attributes!
Increase (S)trength, (I)ntelligence, or (D)exterity?
You feel agile. x2
You now have 42 gold pieces (gained 3).
l - a scroll labelled ERAOLU UKUMOUG You open the door.
There is an open door here.
A kobold comes into view. It is wielding a +0 whip.
The kobold shouts!
A kobold is nearby!
A kobold is nearby!
The kobold hits you with a +0 whip.
You hit the kobold.
You kill the kobold!
No target in view!
No target in view!
No target in view!
No target in view!
No target in view!
No target in view!
You now have 49 gold pieces (gained 7).
You open the door.
Found an escape hatch in the floor.
There is an open door here.
There is an escape hatch in the floor here.
m - an inky potion Done exploring.
No target in view!
No target in view!
No target in view!
No target in view!
No target in view!
No target in view!
There is an escape hatch in the floor here.
There is an open door here.
There is an open door here.
There is an open door here.
There is an open door here.
You open the door.
There is an open door here.
There is a stone staircase leading down here.
You climb downwards.
There is a stone staircase leading up here.
As you open the door, it creaks loudly!
There is an open door here.
You open the door.
A goblin comes into view. It is wielding a +0 dagger.
There is an open door here.
A goblin is nearby!
You barely miss the goblin. The goblin hits you but does no damage.
You barely miss the goblin. The goblin hits you with a +0 dagger.
You hit the goblin.
You kill the goblin!
Your Maces & Flails skill increases to level 1!
No target in view!
No target in view!
No target in view!
No target in view!
HP restored.
You now have 62 gold pieces (gained 13).
You open the door.
A hobgoblin comes into view.
There is an open door here.
A hobgoblin is nearby!
A hobgoblin is nearby!
The hobgoblin shouts!
You hear a shout!
You hit the hobgoblin.
The hobgoblin is moderately wounded.
The hobgoblin hits you but does no damage.
You closely miss the hobgoblin. Your headbutt misses the hobgoblin.
The hobgoblin is moderately wounded.
The hobgoblin barely misses you.
You hit the hobgoblin.
You kill the hobgoblin!
No target in view!
No target in view!
No target in view!
No target in view!
A goblin comes into view. It is wielding a +0 club.
The goblin shouts!
You see here a hobgoblin corpse.
A goblin is nearby!
A goblin is nearby!
Found 3 stones.
An endoplasm comes into view.
The goblin hits you with a +0 club.
You hit the goblin. You headbutt the goblin.
The goblin is severely wounded.
The goblin barely misses you.
You hit the goblin.
You kill the goblin!
The endoplasm freezes you.
You are frozen.
You see here a +0 club.
You hit the endoplasm. Your headbutt misses the endoplasm.
The endoplasm is almost dead.
The endoplasm jiggles.
The endoplasm hits you but does no damage.
You barely miss the endoplasm. You headbutt the endoplasm.
You kill the endoplasm!
No target in view!
No target in view!
No target in view!
j - 2 scrolls labelled WIFENN VAUMMAG (gained 1)
A goblin comes into view. It is wielding a +0 dagger.
A goblin is nearby!
An adder comes into view.
The adder hisses angrily.
You barely miss the goblin. The goblin hits you with a +0 dagger.
You hit the goblin.
You kill the goblin!
You closely miss the adder. Your headbutt misses the adder.
The adder bites you but does no damage. The adder bites you.
You miss the adder. Your headbutt misses the adder.
The adder bites you but does no damage.
You closely miss the adder. The adder misses you.
You miss the adder.
The adder barely misses you. x2; You furiously retaliate!
You headbutt the adder!
You kill the adder!
Your Armour skill increases to level 2!
An endoplasm comes into view.
The endoplasm quivers.
An endoplasm is nearby!
The endoplasm freezes you.
You are frozen.
You hit the endoplasm.
The endoplasm is lightly wounded.
The endoplasm barely misses you.
You barely miss the endoplasm.
The endoplasm is lightly wounded.
The endoplasm freezes you.
You are frozen.
You hit the endoplasm.
You kill the endoplasm!
Your Dodging skill increases to level 3!
No target in view!
No target in view!
No target in view!
No target in view!
No target in view!
No target in view!
Found a stone staircase leading up.
Found a stone staircase leading down.
No target in view!
No target in view!
No target in view!
No target in view!
No target in view!
A goblin comes into view. It is wielding a +0 club.
The goblin shouts!
A goblin is nearby!
A goblin is nearby!
A goblin is nearby!
A goblin is nearby!
You hit the goblin.
You kill the goblin!
No target in view!
No target in view!
No target in view!
No target in view!
No target in view!
No target in view!
A frilled lizard comes into view.
A frilled lizard is nearby!
A frilled lizard is nearby!
The frilled lizard bites you.
You miss the frilled lizard. The frilled lizard closely misses you.
You furiously retaliate!
You headbutt the frilled lizard!
You kill the frilled lizard!
No target in view!
No target in view!
No target in view!
No target in view!
No target in view!
No target in view!
No target in view!
A goblin comes into view. It is wielding a +0 dagger.
The goblin shouts!
A goblin is nearby!
A goblin is nearby!
The goblin hits you but does no damage.
You whack the goblin!
You kill the goblin!
No target in view!
No target in view!
No target in view!
No target in view!
No target in view!
No target in view!
No target in view!
No target in view!
No target in view!
Found a leather armour.
You now have 65 gold pieces (gained 3).
You see here a +0 leather armour.
Found a stone staircase leading down.
No target in view!
No target in view!
No target in view!
No target in view!
No target in view!
No target in view!
No target in view!
No target in view!
No target in view!
There is a stone staircase leading down here.
You open the door.
There is an open door here.
You open the door.
There is an open door here.
You open the door.
There is an open door here.
You open the door.
There is an open door here.
A dart slug comes into view.
The dart slug launches a dart at you. The slug dart hits you.
A dart slug is nearby!
A dart slug is nearby!
The dart slug launches a dart at you.
The slug dart is repelled.
You hit the dart slug. You headbutt the dart slug!
You kill the dart slug!
No target in view!
No target in view!
No target in view!
No target in view!
No target in view!
No target in view!
No target in view!
No target in view!
You see here a dart slug corpse.
You open the door.
Found a leather armour.
There is an open door here.
Natasha, Servant of Life and Death comes into view.
Natasha casts a spell at you. The magic dart hits you.
Natasha is nearby!
Natasha claws you.
You miss Natasha.
Natasha stares at you and mumbles some strange words.
The magic dart hits you.
You are too injured to fight recklessly!
You are too injured to fight recklessly!
You are too injured to fight recklessly!
You are too injured to fight recklessly!
You are too injured to fight recklessly!
You are too injured to fight recklessly!
You are too injured to fight recklessly!
You are too injured to fight recklessly!
You are too injured to fight recklessly!
You are too injured to fight recklessly!
You are too injured to fight recklessly!
You are too injured to fight recklessly!
You are too injured to fight recklessly!
You hit Natasha. You headbutt Natasha!
You kill Natasha!
Natasha screams in fury as she dies!
Your Maces & Flails skill increases to level 2!
You have reached level 4!
You feel agile.
A hobgoblin comes into view.
A hobgoblin is nearby!
A hobgoblin is nearby!
A hobgoblin is nearby!
Found a scroll labelled ZOONWOMP XUOG.
The hobgoblin closely misses you.
You hit the hobgoblin. You headbutt the hobgoblin.
You kill the hobgoblin!
No target in view!
No target in view!
No target in view!
No target in view!
No target in view!
No target in view!
No target in view!
No target in view!
No target in view!
No target in view!
n - a scroll labelled ZOONWOMP XUOG You open the door.
As you open the door, it creaks loudly!
There is an open door here.
A kobold and a ball python come into view.
The ball python hisses angrily.
You hit the kobold.
You kill the kobold!
The ball python misses you. The ball python grabs you.
The ball python constricts you.
Things that are here:
a +0 short sword; a kobold corpse You barely miss the ball python.
Your headbutt misses the ball python. The ball python bites you.
The ball python constricts you.
You hit the ball python.
You kill the ball python!
No target in view!
No target in view!
No target in view!
No target in view!
No target in view!
No target in view!
No target in view!
No target in view!
Okay, then.
You see here a ball python corpse.
An adder comes into view.
An adder is nearby!
An adder is nearby!
An adder is nearby!
You miss the adder. You headbutt the adder.
The adder is lightly wounded.
The adder bites you but does no damage. The adder bites you.
You barely miss the adder. You headbutt the adder.
The adder is moderately wounded.
The adder misses you. You furiously retaliate!
You headbutt the adder!
You kill the adder!
No target in view!
No target in view!
No target in view!
No target in view!
No target in view!
No target in view!
You see here an adder corpse.
As you open the door, it creaks loudly!
There is an open door here.
There is an open door here.
Natasha, Servant of Life and Death comes into view.
Natasha is nearby!
Natasha hisses angrily.
Natasha casts a spell at you. You resist with some effort.
There is an open door here.
You hit Natasha but do no damage. You headbutt Natasha, but do no damage.
Natasha wildly gestures.
Natasha's front paws start to glow.
Natasha closely misses you.
You hit Natasha. You headbutt Natasha.
Natasha is severely wounded.
Natasha claws you.
You barely miss Natasha. Your headbutt misses Natasha.
Natasha is severely wounded.
Natasha casts a spell at you. The magic dart hits you.
You hit Natasha.
You kill Natasha!
Natasha screams in pain as she dies!
No target in view!
No target in view!
No target in view!
No target in view!
No target in view!
No target in view!
No target in view!
No target in view!
No target in view!
No target in view!
No target in view!
Natasha, Servant of Life and Death comes into view.
Natasha is nearby!
Natasha is nearby!
Natasha barely misses you. You furiously retaliate!
You headbutt Natasha. You hit Natasha.
Natasha is heavily wounded.
Natasha closely misses you. You furiously retaliate!
You headbutt Natasha!
You kill Natasha!
You feel Natasha's spirit has finally been put to rest.
Your Armour skill increases to level 3!
No target in view!
No target in view!
No target in view!
No target in view!
No target in view!
No target in view!
No target in view!
No target in view!
No target in view!
You see here a +0 club.
You open the door.
Found a stone staircase leading down.
There is an open door here.
There is a stone staircase leading down here.
o - a scroll labelled ZIYGUTHRENG Sigmund the Dreaded comes into view.
He is wielding a +0 scythe.
Sigmund shouts!
Sigmund gestures at you while chanting.
You are confused.
You are too confused!
You are too confused!
You are too confused!
You are too confused!
You are too confused!
You are too confused!
Sigmund is nearby!
You are too confused!
You are too confused!
You are too confused!
You are too confused!
Your transformation has ended.
You turn into a tree.
Your +0 ring mail melds into your body.
Your roots penetrate the ground.
Sigmund hits you but does no damage.
You miss Sigmund. You miss Sigmund. Sigmund hits you but does no damage.
You nearly hit yourself!
Sigmund hits you but does no damage.
You swing at nothing.
You swing at nothing.
Sigmund hits you with a +0 scythe!
You swing at nothing.
You feel less confused. Sigmund hits you but does no damage.
You hit Sigmund.
Sigmund is lightly wounded.
You closely miss Sigmund.
Sigmund is lightly wounded.
Sigmund hits you but does no damage.
You hit Sigmund.
Sigmund is moderately wounded.
Sigmund hits you but does no damage.
You barely miss Sigmund.
Sigmund is moderately wounded.
You hit Sigmund.
Sigmund is heavily wounded.
Sigmund gestures wildly while chanting.
Sigmund flickers and vanishes!
Deactivating autopickup; reactivate with Ctrl-A.
You closely miss something. Something hits you but does no damage.
You barely miss something. Something hits you.
You whack something! You barely miss something.
Something hits you but does no damage.
You barely miss something. Something hits you but does no damage.
You miss something. You closely miss something. Something hits you.
You barely miss something. Something hits you but does no damage.
You closely miss something. You closely miss something.
Something hits you but does no damage.
You barely miss something. Something hits you.
You closely miss something. You closely miss something.
You hear some strange, mumbled words.
A magic dart appears from out of thin air!
The magic dart hits you but does no damage.
You barely miss something. Something hits you but does no damage.
You barely miss something. You closely miss something.
Something hits you but does no damage.
You completely miss something. Something hits you.
You closely miss something. You miss something.
Something hits you but does no damage.
You completely miss something.
Your transformation is almost over.
Something hits you.
You miss something. You closely miss something.
You hear some strange, mumbled words.
You are confused.
You closely miss something. Something hits you but does no damage.
You miss something.
You hear some strange, mumbled words.
You are more confused.
You swing at nothing.
Something completely misses you.
You attack the rock wall.
You swing at nothing.
Something hits you.
You miss something. Something hits you.
You swing at nothing.
You swing at nothing.
You feel less wooden.
Your +0 ring mail unmelds from your body.
You turn into a hulking beast.
Something hits you!
* * * LOW HITPOINT WARNING * * *
You're too confused to attack without stumbling around!
You're too confused to attack without stumbling around!
You're too confused to attack without stumbling around!
You're too confused to attack without stumbling around!
You're too confused to attack without stumbling around!
You're too confused to attack without stumbling around!
You barely miss something. Something hits you!
* * * LOW HITPOINT WARNING * * *
You are too injured to fight recklessly!
It was a potion of magic.
Magic courses through your body. Something hits you!
You die...

#. ####### #. #.....#
#. #.....# ### #.
#.....# #.###. #.....#
#..... #.....########
#.###. #....{.......#
#.# #.
#....h.......####.###.
#####........+........
#........####.###.
#......>.'........
#........########.
#........#........
##########........
#........ #.......)


There were no monsters in sight!

Vanquished Creatures
  Natasha (thrice) (D:2)
  A gnoll (D:1)
  2 adders (D:2)
  A dart slug (D:2)
  4 endoplasms
  3 giant cockroaches (D:1)
  8 goblins
  3 hobgoblins
  4 kobolds
  A quokka (D:1)
  A ball python (D:2)
  2 bats (D:1)
  2 frilled lizards
35 creatures vanquished.

Notes
Turn   | Place    | Note
-------+----------+-------------------------------------------
     0 | D:1      | sleeves the Minotaur Shapeshifter began the quest for the
                  | Orb.
     0 | D:1      | Reached XP level 1. HP: 16/16 MP: 0/0
   154 | D:1      | Reached skill level 1 in Armour
   176 | D:1      | Reached XP level 2. HP: 24/24 MP: 1/1
   382 | D:1      | Reached skill level 2 in Fighting
   692 | D:1      | Reached XP level 3. HP: 29/29 MP: 2/2
   908 | D:2      | Reached skill level 1 in Maces & Flails
   975 | D:2      | Reached skill level 2 in Armour
  1003 | D:2      | Reached skill level 3 in Dodging
  1191 | D:2      | Noticed Natasha
  1194 | D:2      | Killed Natasha
  1195 | D:2      | Reached skill level 2 in Maces & Flails
  1195 | D:2      | Reached XP level 4. HP: 23/36 MP: 3/3
  1436 | D:2      | Noticed Natasha
  1443 | D:2      | Killed Natasha
  1454 | D:2      | Noticed Natasha
  1458 | D:2      | Killed Natasha
  1459 | D:2      | Reached skill level 3 in Armour
  1499 | D:2      | Noticed Sigmund
  1544 | D:2      | HP: 16/36 [something (7)]
  1545 | D:2      | HP: 7/36 [something (9)]
  1547 | D:2      | Slain by Sigmund

Illustrated notes

Levels and vault maps discovered:
D:1:      roadster_arrival_rocket_large, layout_basic
D:2:      layout_basic, uniq_natasha, uniq_sigmund

Skill      XL: |  1  2  3  4 |
---------------+-------------+-----
Armour         | 1 2 3 |  3.1
Fighting       | 2 |  2.0
Maces & Flails | 2 |  2.6
Dodging        | 3 |  3.6
Unarmed Combat | |  3.2
Shapeshifting  | |  2.4

Action                     |  1- 3 |  4- 6 || total
---------------------------+-------+-------++-------
  Melee: Unarmed           |     8 |       ||     8
         Whip              |    51 |    44 ||    95
         Headbutt          |     9 |     5 ||    14
         Punch             |     1 |       ||     1
    Use: Potion            |       |     2 ||     2
 Armour: Ring mail         |    31 |    10 ||    41
         Skin              |       |    24 ||    24
  Dodge: Dodged            |    26 |     7 ||    33
         Repelled          |     1 |       ||     1

Table legend: (Time is in decaauts)
 A = Elapsed time spent in this place.
 B = Non-inter-level travel time spent in this place.
 C = Inter-level travel time spent in this place.
 D = Time resting spent in this place.
 E = Time spent auto-exploring this place.
 F = Levels seen in this place.
 G = Mean time per level.
                   A        B        C        D        E       F      G
               +--------+--------+--------+--------+--------+-----+--------+
         Total |   1548 |   1467 |     81 |      0 |   1207 |   2 |  774.0 |
       Dungeon |   1548 |   1467 |     81 |      0 |   1207 |   2 |  774.0 |
               +--------+--------+--------+--------+--------+-----+--------+

Top non-repeatable levels by time:
     D:1: 878 daAuts
     D:2: 670 daAuts
